 Dungeon Crawl Stone Soup version 0.27-a0-1006-g1fd4cec11e (webtiles) character file.

Game seed: 1397426097276768025

14169 tardwrangler69 the Earth Mage (level 11, 0/74 HPs)
             Began as a Purple Draconian Earth Elementalist on Apr 18, 2021.
             Was an Elder of Vehumet.
             Shot with an arrow by a centaur (8 damage)
             ... on level 11 of the Dungeon.
             The game lasted 00:21:53 (18267 turns).

tardwrangler69 the Earth Mage (DrEE)               Turns: 18267, Time: 00:21:53

Health: 0/74       AC: 11    Str: 11    XL:     11   Next: 85%
Magic:  19/21      EV: 12    Int: 18    God:    Vehumet [****..]
Gold:   648        SH:  5    Dex: 12    Spells: 20/24 levels left

rFire    . . .     SeeInvis .   o - +3 falchion (vorpal)
rCold    + . .     Faith    .   d - +0 buckler
rNeg     . . .     Spirit   .   (armour unavailable)
rPois    .         Reflect  .   (helmet restricted)
rElec    .         Harm     .   v - +0 cloak
rCorr    .         Rampage  .   (no gloves)
Will     +....                  C - +2 pair of boots {Fly}
Stlth    ++........             A - amulet of magic regeneration
HPRegen  0.22/turn              e - ring of protection from cold
MPRegen  0.42/turn              (no ring)

@: flying
A: breathe power, AC +7, unfitting armour, cold-blooded
a: Breathe Dispelling Energy, Renounce Religion


You were on level 11 of the Dungeon.
You worshipped Vehumet.
Vehumet was greatly pleased with you.
You visited 2 branches of the dungeon, and saw 12 of its levels.
You also visited: Ossuary and Bailey.

You collected 1142 gold pieces.
You spent 494 gold pieces at shops.

Inventory:

Hand Weapons
 o - a +3 vorpal falchion (weapon)
Missiles
 c - a curare-tipped dart
 m - 5 throwing nets
 w - 3 boomerangs of dispersal
 x - 196 stones
Armour
 d - a +0 buckler (worn)
 v - a +0 cloak (worn)
 C - a +2 pair of boots of flying (worn)
Jewellery
 e - a ring of protection from cold (left hand)
 A - an amulet of magic regeneration (around neck)
 F - a ring of flight
Wands
 y - a wand of digging (3)
 I - a wand of paralysis (4)
Scrolls
 g - 6 scrolls of identify
 h - a scroll of fear
 j - 6 scrolls of teleportation
 u - 5 scrolls of enchant weapon
 G - a scroll of amnesia
Potions
 b - a potion of resistance {unknown}
 f - a potion of berserk rage {unknown}
 i - a potion of mutation {unknown}
 k - a potion of ambrosia {unknown}
 l - 3 potions of attraction
 n - 3 potions of brilliance
 p - 3 potions of haste
 q - a potion of cancellation {unknown}
 r - 4 potions of might
 s - 4 potions of degeneration {unknown}
 t - a potion of lignification {unknown}
 z - a potion of heal wounds
 B - 2 potions of invisibility {unknown}
 D - a potion of magic {unknown}
 H - 5 potions of curing


   Skills:
 - Level 1.7 Dodging
 - Level 1.7 Stealth
 - Level 4.0 Shields
 - Level 7.0 Spellcasting
 - Level 1.0 Transmutations
 * Level 16.9 Earth Magic


You had 20 spell levels left.
You knew the following spells:

 Your Spells              Type           Power      Damage    Failure   Level
a - Sandblast             Erth           100%       2d20      0%          1
b - Stone Arrow           Conj/Erth      72%        3d11      1%          3

Your spell library contained the following spells:

 Spells                   Type           Power      Damage    Failure   Level
 Olgreb's Toxic Radiance  Pois           6%         N/A       26%         4
 Passwall                 Tmut/Erth      31%        N/A       1%          2
 Lee's Rapid Deconstruct  Erth           30%        3d17*     1%          5
 Petrify                  Tmut/Erth      38%        N/A       2%          4
 Ignite Poison            Fire/Tmut/Pois 7%         N/A       8%          3
 Sting                    Tmut/Pois      32%        1d4       9%          1
 Conjure Flame            Conj/Fire      6%         6-21      9%          3
 Mephitic Cloud           Conj/Pois/Air  6%         N/A       9%          3
 Poisonous Vapours        Pois/Air       12%        N/A       16%         2
 Confusing Touch          Hex            6%         N/A       32%         3
 Gell's Gravitas          Tloc           3%         N/A       32%         3
 Yara's Violent Unravell  Hex/Tmut       4%         3d4       50%         5
 Metabolic Englaciation   Hex/Ice        3%         N/A       96%         5
 Freezing Cloud           Conj/Ice/Air   3%         6-21      97%         6


Dungeon Overview and Level Annotations

Branches:
Dungeon (11/15)            Temple (1/1) D:5            Lair (0/6) D:9
    Orc (0/2) D:10        Ossuary (visited)          Bailey (visited)

Altars:
Ashenzari
Cheibriados
Dithmenos
Elyvilon
Fedhas
Gozag
Hepliaklqana
Kikubaaqudgha
Makhleb
Nemelex Xobeh
Okawaru
Qazlal
Ru
Sif Muna
Trog
Uskayaw
Vehumet
Wu Jian
Xom
Yredelemnul
The Shining One

Shops:
D:1 [   D:2 [   D:5 *   D:11 **!

Annotations:
D:3 exclusion: downstairs
D:4 exclusion: steam dragon
D:7 2 transporters, Wulfweardsweorth's ghost, novice DjWz
D:11 2 runed translucent doors, drugrobin's ghost, journeyman DgWr


Innate Abilities, Weirdness & Mutations

You can breathe bolts of dispelling energy.
Your rich purple scales are hard. (AC +7)
You cannot fit into any form of body armour.
You are cold-blooded and may be slowed by cold attacks.


Message History

Casting: Stone Arrow (safe; 1% risk of failure)
Confirm with . or Enter, or press ? or * to list all spells.
Aiming: Stone Arrow (safe; 1% risk of failure)
Press: ? - help, Shift-Dir - straight line, f - centaur
Aim: a centaur, quivering arrows (wandering, hasn't noticed you, 84% to hit)
The stone arrow hits the centaur!
The centaur is severely wounded.
The centaur shouts!
The centaur wields a +2 shortbow of flaming.
It bursts into flame!
The centaur shoots an arrow.
The arrow hits you. The arrow burns you.
The centaur unwields a +0 battleaxe.
The centaur wields a +0 shortbow.
The centaur shoots an arrow.
The arrow closely misses you.
Casting: Stone Arrow (safe; 1% risk of failure)
Confirm with . or Enter, or press ? or * to list all spells.
Aiming: Stone Arrow (safe; 1% risk of failure)
Press: ? - help, Shift-Dir - straight line, f/p - centaur
Aim: a centaur, wielding a +2 shortbow of flaming and quivering arrows (severely wounded, 84% to hit)
The stone arrow misses the centaur.
The centaur shoots an arrow.
The arrow closely misses you.
The centaur shoots an arrow.
The arrow hits you!
The centaur shoots an arrow.
The arrow hits you. The arrow burns you.
The centaur wields a +0 shortbow.
The centaur shoots an arrow.
The arrow closely misses you.
The centaur shoots an arrow.
The arrow misses you.
The centaur shoots an arrow.
You block the arrow.
The centaur shoots an arrow.
The arrow hits you!
You hear a shout!
The centaur shoots an arrow.
The arrow hits you.
The centaur shoots an arrow.
You block the arrow.
The centaur shoots an arrow.
The arrow hits you!
* * * LOW HITPOINT WARNING * * *
The centaur shoots an arrow.
The arrow misses you.
The centaur shoots an arrow.
The arrow completely misses you.
You start resting.
There are monsters nearby!
The centaur shoots an arrow.
You block the arrow.
The centaur shoots an arrow.
The arrow hits you!
* * * LOW HITPOINT WARNING * * *
The centaur shoots an arrow.
The arrow hits you.
* * * LOW HITPOINT WARNING * * *
The centaur shoots an arrow.
The arrow hits you!
You die...

#..##≈≈≈≈≈.#
#..#.≈###≈.# ###..
#...cc≈≈≈≈.#
.......####...c≈≈#≈≈.#
........c....##≈≈#≈≈##
.........c...##≈≈#≈≈#
.........c...##≈≈≈≈≈#
.............##≈###≈#
.............##≈@≈≈≈#
............>###..###
.............# #..#
..........<..# #..#
B....... #..# .°......
#..# ..°..... #..#
........ #..#
....°......


You could see 3 centaurs.

Vanquished Creatures
  A boulder beetle (D:11)
  Erolcha (D:9)
  2 two-headed ogres
  An orc knight (Bailey)
  10 centaur zombies
  A gargoyle (D:10)
  Psyche (D:9)
  3 unseen horrors
  2 hornets
  A wraith (D:10)
  A shadow (D:11)
  A wyvern (D:7)
  3 yaks (D:10)
  2 steam dragons
  A water moccasin (D:7)
  2 acid dragons
  2 orc warriors (Bailey)
  3 black bears
  3 ice beasts
  An ogre (D:6)
  A hornet zombie (D:5)
  2 necrophages (D:6)
  4 centaurs
  2 phantoms
  3 kobold brigands
  4 bullfrogs
  A wyvern zombie (D:8)
  2 gnoll sergeants
  5 scorpions
  A water moccasin skeleton (D:5)
  3 water moccasin zombies
  14 killer bees
  An electric eel (D:11)
  3 howler monkeys
  A bullfrog zombie (D:5)
  A human zombie (D:10)
  4 hounds
  2 bullfrog skeletons
  3 jellies
  An orc priest (D:4)
  2 gnoll shamans
  4 iguanas
  11 orc wizards
  A scorpion zombie (D:5)
  A killer bee zombie (D:6)
  A hound zombie (D:5)
  6 mummies
  A howler monkey zombie (D:5)
  22 gnolls
  8 adders
  2 shadow imps
  2 white imps
  An ufetubus (D:6)
  A worm (D:2)
  2 dart slugs
  27 orcs
  3 spectral bats (Ossuary)
  10 endoplasms
  3 giant cockroaches
  3 hobgoblins
  2 jackals (D:4)
  6 quokkas
  4 ball pythons
  6 bats
  4 bat simulacra (Ossuary)
  A frilled lizard (D:3)
  12 gnoll zombies (Ossuary)
  4 goblins
  6 goblin simulacra (Ossuary)
  5 goblin zombies (Ossuary)
  3 hobgoblin zombies (Ossuary)
  23 kobolds
  2 kobold simulacra (Ossuary)
  4 kobold zombies (Ossuary)
  6 orc zombies (Ossuary)
  A quokka skeleton (D:4)
  2 rats
  2 rat simulacra (Ossuary)
  5 spectral goblins (Ossuary)
  3 spectral kobolds (Ossuary)
  5 spectral rats (Ossuary)
317 creatures vanquished.

Vanquished Creatures (others)
  6 withered plants (D:5)
6 creatures vanquished.

Grand Total: 323 creatures vanquished

Notes
Turn   | Place    | Note
-------+----------+-------------------------------------------
     0 | D:1      | tardwrangler69 the Draconian Earth Elementalist began the
                  | quest for the Orb.
     0 | D:1      | Reached XP level 1. HP: 14/14 MP: 3/3
   758 | D:1      | Found Odawaqem's Antique Armour Shop.
   841 | D:2      | Reached XP level 2. HP: 20/20 MP: 0/5
   895 | D:2      | Found Dyhak's Armour Shoppe.
   938 | D:2      | Bought a +0 buckler for 54 gold pieces
   973 | D:2      | Found a faded altar of an unknown god.
  2349 | D:3      | Reached XP level 3. HP: 26/26 MP: 4/6
  2422 | D:3      | Reached skill level 1 in Shields
  2422 | D:3      | Reached skill level 4 in Earth Magic
  2436 | D:3      | Reached XP level 4. HP: 28/33 MP: 0/8
  3000 | D:3      | Reached XP level 5. HP: 37/38 MP: 6/9
  3436 | D:3      | Found a shadowy altar of Dithmenos.
  3701 | D:4      | Noticed a steam dragon
  3733 | D:4      | Reached skill level 5 in Earth Magic
  3733 | D:4      | Reached XP level 6. HP: 45/45 MP: 10/10
  4222 | D:4      | Found a bloodstained altar of Trog.
  4979 | D:4      | Found a stormy altar of Qazlal.
  5087 | D:4      | Found a broken altar of Ashenzari.
  5195 | D:5      | Entered Level 5 of the Dungeon
  5224 | D:5      | Your scales start taking on a rich purple colour.
  5224 | D:5      | Reached XP level 7. HP: 50/50 MP: 7/13
  5272 | D:5      | Reached skill level 6 in Earth Magic
  5529 | D:5      | Reached skill level 5 in Spellcasting
  5698 | D:5      | Reached skill level 7 in Earth Magic
  5717 | D:4      | Reached XP level 8. HP: 49/57 MP: 11/16
  5888 | D:5      | Found Soll's General Store.
  5898 | D:5      | Bought a scroll of teleportation for 42 gold pieces
  5898 | D:5      | Bought a scroll of teleportation for 42 gold pieces
  5998 | D:5      | Found a staircase to the Ecumenical Temple.
  6384 | D:5      | Reached skill level 8 in Earth Magic
  6421 | D:5      | Learned a level 3 spell: Stone Arrow
  6540 | D:5      | Identified the +7 chain mail of Oreisab {rC+ Will+ Int-5}
  6644 | D:5      | Found an ancient bone altar of Kikubaaqudgha.
  6693 | Temple   | Entered the Ecumenical Temple
  7069 | Temple   | Became a worshipper of Vehumet
  7911 | D:6      | Reached skill level 9 in Earth Magic
  8060 | D:6      | Reached XP level 9. HP: 31/62 MP: 2/19
  8866 | D:6      | Reached skill level 10 in Earth Magic
 10300 | D:7      | Reached skill level 11 in Earth Magic
 10715 | D:7      | Found a white marble altar of Elyvilon.
 10741 | D:7      | Found a sand-covered staircase.
 10773 | Ossuary  | Entered an ossuary
 10794 | Ossuary  | Reached * piety under Vehumet
 10794 | Ossuary  | Offered knowledge of Shock by Vehumet.
 10938 | Ossuary  | Offered knowledge of Static Discharge by Vehumet.
 10939 | Ossuary  | Reached ** piety under Vehumet
 11194 | Ossuary  | Offered knowledge of Ignite Poison by Vehumet.
 11406 | D:7      | Found the +27 Lear's hauberk
 11508 | D:7      | Reached *** piety under Vehumet
 11622 | D:7      | Reached skill level 12 in Earth Magic
 11703 | D:7      | Noticed Wulfweardsweorth's ghost (novice DjWz)
 11719 | D:7      | Found a transporter.
 11728 | D:7      | Found a transporter.
 12412 | D:8      | Reached XP level 10. HP: 69/69 MP: 11/20
 12880 | D:9      | Found a sparkling altar of Nemelex Xobeh.
 12910 | D:9      | Noticed Erolcha
 13363 | D:9      | Killed Erolcha
 13364 | D:9      | Reached skill level 13 in Earth Magic
 13402 | D:9      | Found an ornate altar of the Wu Jian Council.
 13428 | D:9      | Noticed Psyche
 13436 | D:9      | Killed Psyche
 13454 | D:9      | Found a staircase to the Lair.
 13482 | D:9      | Offered knowledge of Hailstorm by Vehumet.
 13873 | D:9      | Noticed a two-headed ogre
 14264 | D:9      | Killed a two-headed ogre
 14265 | D:9      | Reached skill level 14 in Earth Magic
 14354 | D:9      | Found a snail-covered altar of Cheibriados.
 14425 | D:9      | Found a sacrificial altar of Ru.
 14701 | D:10     | Entered Level 10 of the Dungeon
 14754 | D:10     | Found a flagged portal.
 14766 | D:10     | Reached **** piety under Vehumet
 14854 | Bailey   | Entered a bailey
 14864 | Bailey   | Offered knowledge of Olgreb's Toxic Radiance by Vehumet.
 14962 | Bailey   | Noticed an orc knight
 14991 | Bailey   | Killed an orc knight
 15014 | Bailey   | HP: 1/69 [orc warrior/+0 war axe (12)]
 15032 | Bailey   | Reached XP level 11. HP: 5/74 MP: 7/21
 15363 | Bailey   | Found a burning altar of Makhleb.
 15538 | D:10     | Reached skill level 15 in Earth Magic
 16096 | D:10     | Found a basalt altar of Yredelemnul.
 16292 | D:10     | Reached skill level 16 in Earth Magic
 16702 | D:10     | Found a shimmering blue altar of Sif Muna.
 16742 | D:10     | Found a staircase to the Orcish Mines.
 16821 | D:11     | Found Lips's General Store.
 16833 | D:11     | Noticed a two-headed ogre
 16839 | D:11     | Killed a two-headed ogre
 17598 | D:11     | Noticed a boulder beetle
 17788 | D:11     | Noticed a lich
 17788 | D:11     | Noticed drugrobin's ghost (journeyman DgWr)
 17789 | D:11     | Noticed a necromancer
 17791 | D:11     | Noticed a skeletal warrior
 17798 | D:11     | Noticed a sphinx
 17806 | D:11     | Noticed a skeletal warrior
 17811 | D:11     | Noticed a sea snake
 17811 | D:11     | a floating eye changed into a sea snake
 17993 | D:11     | Killed a boulder beetle
 18147 | D:11     | Found Xibokkomm's Assorted Antiques.
 18150 | D:11     | Found a runed translucent door.
 18150 | D:11     | Found a runed translucent door.
 18155 | D:11     | Bought a potion of heal wounds for 115 gold pieces
 18155 | D:11     | Bought a scroll of teleportation for 69 gold pieces
 18155 | D:11     | Bought a pair of embroidered boots for 172 gold pieces
 18162 | D:11     | Noticed an ogre mage
 18172 | D:11     | Noticed an ettin
 18176 | D:11     | Noticed a bunyip
 18176 | D:11     | an ettin changed into a bunyip
 18230 | D:11     | Found Botiesi's Distillery.
 18267 | D:11     | Shot with an arrow by a centaur

Illustrated notes

Levels and vault maps discovered:
D:1:      roderic_crossed_star, layout_loops_ring, serial_shops,
          nicolae_shop_crystal, bh_walls_and_bars
D:2:      layout_basic, serial_shops, nicolae_shop_crystal,
          ebering_ecumenical_altar_webs
D:3:      layout_basic, overflow_temple_1_default
D:4:      layout_rooms, zin_statuary, general_overflow_altar,
          old_standard_altar, nicolae_overflow_hidden_temple
D:5:      layout_gridville, kennysheep_mini, minmay_temple_entry_arrows,
          serial_shops, shop, serial_undead, serial_undead_b, serial_undead_c,
          serial_undead_a, serial_undead_f
D:6:      layout_basic, lightli_orcish_oven
D:7:      layout_basic, nicolae_elyvilon_peaceful_grove, nzn_ghost_randoct,
          enter_ossuary_1, minivault_5
D:8:      layout_cave_pools
D:9:      layout_long_grid, lemuel_crystal_altar,
          nicolae_ru_sacrificial_ziggurat, nzn_wu_jian_council_hall,
          cheibriados_altar_1, lair_entry_dummy, uniq_psyche, uniq_erolcha
D:10:     layout_rooms, lemuel_mausoleum_altar_yredelemnul,
          lemuel_coloured_pillars_altar, orc_0_dummy, enter_bailey_2,
          kennysheep_generic_room_14
D:11:     minmay_glassy_protrusions, layout_long_grid, serial_shops, shop, shop,
          shop_fountains, muffindrake_ghost_dual_entry, minmay_crystal_water,
          kennysheep_generic_room_6
Temple:   grunt_temple_mini_profane

Skill      XL: |  1  2  3  4  5  6  7  8  9 10 11 |
---------------+----------------------------------+-----
Shields        | 1 2 3 4 |  4.0
Earth Magic    | 4 5 7 9 12 14 16 | 16.9
Spellcasting   | 3 4 5 7 |  7.0
Dodging        | |  1.7
Stealth        | |  1.7
Transmutations | |  1.0

Action                   |  1- 3 |  4- 6 |  7- 9 | 10-12 || total
-------------------------+-------+-------+-------+-------++-------
Melee: Short sword       |    27 |       |       |       ||    27
       Tailslap          |     3 |     7 |    23 |     3 ||    36
       Dagger            |    12 |    51 |       |       ||    63
       Falchion          |       |    49 |   205 |    18 ||   272
 Cast: Sandblast         |    30 |    70 |    91 |     6 ||   197
       Stone Arrow       |       |       |    67 |   237 ||   304
 Abil: Breathe Dispellin |       |       |     3 |     2 ||     5
Evoke: Wand              |       |       |       |     9 ||     9
  Use: Potion            |       |       |     5 |     2 ||     7
       Scroll            |       |       |     2 |    10 ||    12
 Stab: Sleeping          |     1 |     1 |     8 |       ||    10
Armor: Skin              |    21 |    56 |   113 |    82 ||   272
Dodge: Dodged            |    21 |    72 |   190 |   101 ||   384
Block: Buckler           |     2 |    21 |    73 |    48 ||   144
       Rpst.: Falchion   |       |    12 |    49 |    20 ||    81

Table legend: (Time is in decaauts)
 A = Elapsed time spent in this place.
 B = Non-inter-level travel time spent in this place.
 C = Inter-level travel time spent in this place.
 D = Time resting spent in this place.
 E = Time spent auto-exploring this place.
 F = Levels seen in this place.
 G = Mean time per level.
                   A        B        C        D        E       F      G
               +--------+--------+--------+--------+--------+-----+--------+
         Total |  18381 |  17711 |    670 |   1384 |  14112 |  14 | 1312.9 |
       Dungeon |  16750 |  16130 |    620 |   1379 |  12883 |  11 | 1522.7 |
        Temple |    505 |    455 |     50 |      0 |    447 |   1 |  505.0 |
       Ossuary |    551 |    551 |      0 |      0 |    326 |   1 |  551.0 |
        Bailey |    574 |    574 |      0 |      5 |    456 |   1 |  574.0 |
               +--------+--------+--------+--------+--------+-----+--------+

Top non-repeatable levels by time:
     D:6: 2211 daAuts
     D:5: 1858 daAuts
     D:2: 1830 daAuts
     D:7: 1679 daAuts
     D:4: 1627 daAuts
    D:11: 1489 daAuts
    D:10: 1461 daAuts
     D:3: 1343 daAuts
     D:9: 1323 daAuts
     D:8: 1089 daAuts
     D:1: 835 daAuts
  Bailey: 574 daAuts
 Ossuary: 551 daAuts
  Temple: 505 daAuts
